 Dungeon Crawl Stone Soup version 0.23.0 (webtiles) character file.

Game seed: 14710823562709863757

46881 Flugkiller the Party-goer (level 14, 0/77 HPs)
             Began as a Vine Stalker Assassin on Feb 18, 2019.
             Was a Believer of Uskayaw.
             Slain by a meliai
             ... wielding a +0 hand axe
              (6 damage)
             ... on level 15 of the Dungeon.
             The game lasted 00:27:57 (15410 turns).

Flugkiller the Party-goer (Vine Stalker Assassin)  Turns: 15410, Time: 00:27:58

Health: 0/77       AC: 19    Str: 21    XL:     14   Next: 39%
Magic:  0/23       EV: 14    Int: 11    God:    Uskayaw [**....]
Gold:   385        SH: 11    Dex: 15    Spells: 13/13 levels left

rFire    + + .     SeeInvis +   D - +3 dagger (chaos)
rCold    + . .     Gourm    .   v - +0 shield
rNeg     . . .     Faith    +   a - +5 ring mail of the Ten Allies {rF+ Str+3 Dex-5 Stlth+}
rPois    .         Spirit   +   Q - +0 helmet of Xom's Wrath {+Blink rC+} (curse)
rElec    .         Reflect  .   d - +0 cloak
rCorr    .         Harm     .   t - +2 pair of gloves {Dex+3}
MR       +....                  J - +0 pair of boots
Stlth    +++.......             S - amulet of faith
HPRegen  1.02/turn              X - ring of see invisible
MPRegen  0.18/turn              V - ring of protection from fire

@: no status effects
A: fangs 3, regeneration 2, magic shield, antimagic bite, no potion heal 3, rot
immunity
a: Stomp, Line Pass, Renounce Religion, Evoke Blink


You were on level 15 of the Dungeon.
You worshipped Uskayaw.
Uskayaw was aware of your devotion.
You were hungry.

You visited 1 branch of the dungeon, and saw 15 of its levels.

You collected 781 gold pieces.
You spent 396 gold pieces at shops.

Inventory:

Hand Weapons
 b - a +0 blowgun
 D - a +3 dagger of chaos (weapon)
   (You took it off Psyche on level 8 of the Dungeon)
 E - a +0 rapier
   (You found it on level 5 of the Dungeon)
 K - the +10 broad axe of Kair Ziac {drain, rF+ Str+2 Dex+5}
   (You found it on level 10 of the Dungeon)

   A truly terrible weapon, it drains the life of those it strikes.
   It affects your strength (+2).
   It affects your dexterity (+5).
   It protects you from fire.
Missiles
 e - 87 poisoned needles
 f - 8 curare-tipped needles
 B - a throwing net (quivered)
Armour
 a - the +5 ring mail of the Ten Allies (worn) {rF+ Str+3 Dex-5 Stlth+}
   (You found it on level 13 of the Dungeon)

   It affects your strength (+3).
   It affects your dexterity (-5).
   It protects you from fire.
   It makes you more stealthy.
 d - a +0 cloak (worn)
 t - a +2 pair of gloves of dexterity (worn)
   (You found it on level 14 of the Dungeon)
 v - a +0 shield (worn)
   (You took it off an orc on level 7 of the Dungeon)
 I - a +1 buckler of poison resistance
   (You found it on level 5 of the Dungeon)
 J - a +0 pair of boots (worn)
   (You found it on level 5 of the Dungeon)
 Q - the cursed +0 helmet of Xom's Wrath (worn) {+Blink rC+}
   (You bought it in a shop on level 9 of the Dungeon)

   It protects you from cold.
   It lets you blink.
   It has a curse placed upon it.
Jewellery
 R - an uncursed ring of positive energy
   (You found it on level 9 of the Dungeon)
 S - an amulet of faith (around neck)
   (You found it on level 10 of the Dungeon)
 V - a ring of protection from fire (right hand)
   (You found it on level 11 of the Dungeon)
 X - a ring of see invisible (left hand)
   (You found it on level 12 of the Dungeon)
 Y - an uncursed amulet of magic regeneration {unknown}
   (You found it on level 12 of the Dungeon)
Wands
 c - a wand of clouds (7)
   (You took it off Pikel on level 4 of the Dungeon)
 u - a wand of iceblast (9)
   (You found it on level 4 of the Dungeon)
 w - a wand of paralysis (6)
   (You found it on level 7 of the Dungeon)
 M - a wand of flame (22)
   (You found it on level 14 of the Dungeon)
 N - a wand of acid (6)
   (You found it on level 9 of the Dungeon)
 Z - a wand of polymorph (9)
   (You found it on level 12 of the Dungeon)
Scrolls
 i - 10 scrolls of remove curse
 j - 7 scrolls of enchant weapon
 m - 2 scrolls of fog
 o - a scroll of holy word {unknown}
 q - 7 scrolls of teleportation
 y - a scroll of immolation
 C - 2 scrolls of blinking
 F - 3 scrolls of enchant armour
 G - a scroll of magic mapping {unknown}
 T - 2 scrolls of fear
 U - a scroll of brand weapon {unknown}
Potions
 h - 8 potions of curing
 k - 2 potions of invisibility
 l - a potion of resistance
 n - 3 potions of might
 p - 3 potions of brilliance
 s - a potion of cancellation
 x - 3 potions of agility {unknown}
 z - 4 potions of haste
 A - 2 potions of berserk rage
 O - 2 potions of flight
 P - a potion of lignification
 W - a potion of ambrosia {unknown}
Miscellaneous
 r - a phial of floods
   (You found it on level 9 of the Dungeon)
 L - a lightning rod (4/4)
   (You found it on level 9 of the Dungeon)
Comestibles
 g - 32 rations
 H - 3 chunks of flesh


   Skills:
 + Level 10.4 Fighting
 - Level 10.0 Short Blades
 - Level 4.4 Axes
 - Level 1.7 Throwing
 + Level 8.5 Armour
 + Level 7.2 Dodging
 - Level 4.8 Stealth
 + Level 7.0 Shields
 + Level 11.2 Invocations


You had 13 spell levels left.
You didn't know any spells.
Your spell library contained the following spells:

 Spells                   Type           Power        Failure   Level  Hunger
 Animate Skeleton         Necr           N/A          83%         1    ##.....
 Confusing Touch          Hex            #.....       83%         1    ##.....
 Corona                   Hex            #......      83%         1    ##.....
 Freeze                   Ice            #...         83%         1    ##.....
 Corpse Rot               Necr           N/A          92%         2    ###....
 Ensorcelled Hibernation  Hex/Ice        #.....       92%         2    ###....
 Sublimation of Blood     Necr           #.........   92%         2    ###....
 Throw Frost              Conj/Ice       #.....       92%         2    ###....
 Confuse                  Hex            #.......     99%         3    ####...
 Dazzling Spray           Conj/Hex       #.....       99%         3    ####...
 Gell's Gravitas          Tloc           #.........   99%         3    ####...
 Ozocubu's Armour         Chrm/Ice       #.......     99%         3    ####...
 Regeneration             Chrm/Necr      #.........   99%         3    ####...
 Tukima's Dance           Hex            #.......     99%         3    ####...
 Animate Dead             Necr           N/A          100%        4    #####..
 Petrify                  Tmut/Erth      #.......     100%        4    #####..
 Summon Ice Beast         Ice/Summ       #.......     100%        4    #####..
 Throw Icicle             Conj/Ice       #.......     100%        4    #####..
 Agony                    Necr           #.......     100%        5    ######.
 Metabolic Englaciation   Hex/Ice        #.........   100%        5    ######.
 Yara's Violent Unravell  Hex/Tmut       #.........   100%        5    ######.


Dungeon Overview and Level Annotations

Branches:
Dungeon (15/15)            Temple (0/1) D:5            Lair (0/6) D:9
    Orc (0/2) D:10         Vaults (0/5) D:14         Depths (0/5) D:15

Altars:
Ashenzari
Elyvilon
Fedhas
Gozag
Hepliaklqana
Kikubaaqudgha
Okawaru
Qazlal
Ru
Uskayaw
Wu Jian
Yredelemnul
The Shining One

Shops:
D:4 [   D:9 [   D:13 *   D:15 *

Annotations:
D:3 2 transporters
D:13 2 transporters, Xeymp's ghost, journeyman SpEn
D:14 exclusion: Roxanne, Roxanne


Innate Abilities, Weirdness & Mutations

You have razor-sharp teeth.
You heal very quickly.
When hurt, damage is shared between your health and your magic reserves.
Your bite disrupts and absorbs the magic of your enemies.
Potions cannot restore your health.
You are immune to rotting.


Message History

The meliai stings you but does no damage.
The meliai completely misses the meliai.
The meliai stings the meliai.
You block the meliai's attack.
The meliai stings you but does no damage.
You hit the meliai but do no damage. You drain the meliai.
The meliai is lightly wounded.
The meliai misses you.
The meliai stings you but does no damage.
The meliai barely misses you. You block the meliai's attack.
You barely miss the meliai.
The meliai is lightly wounded.
A white ugly thing comes into view.
The meliai hits the purple ugly thing with a +0 war axe!!
The meliai stings the purple ugly thing!
The white ugly thing gurgles horribly!
You hit the meliai. You bite the meliai, but do no damage.
The meliai is lightly wounded.
You hear a horrible gurgling sound!
The meliai hits you but does no damage. You block the meliai's attack.
The meliai misses you. The meliai barely misses you. The meliai misses you.
The meliai barely misses you.
You hear a horrible gurgling sound!
Unknown command.
You hit the meliai. You burn the meliai. Your bite misses the meliai.
The meliai is moderately wounded.
The purple ugly thing seems less confused.
The meliai hits you with a +0 war axe.
* * * LOW HITPOINT WARNING * * *
The meliai stings you but does no damage.
The meliai hits the purple ugly thing with a +0 war axe!
You block the meliai's attack.
The meliai barely misses the purple ugly thing.
You can now pass through a line of other dancers.
You barely miss the meliai. You bite the meliai, but do no damage.
The meliai is moderately wounded.
The meliai hits you with a +0 hand axe!
* * * LOW HITPOINT WARNING * * *
The meliai misses you.
A white ugly thing comes into view.
You block the meliai's attack.
The meliai stings you but does no damage.
The meliai misses you.
The meliai stings you but does no damage.
You closely miss the meliai.
The meliai is moderately wounded.
The meliai seems less confused. x2; The meliai barely misses you. x2
You block the white ugly thing's attack.
The meliai hits you but does no damage. You block the meliai's attack.
The purple ugly thing misses you. The meliai misses you. The meliai stings you!
You die...

### ### #.. ..# #u#
###.# #.# #.#.#
#u#########.#†# #
########...........#(# #
......yuu#########.#.###
.......@y.?............'
.....###y#########.#####
.... #..u.###### #.# #
...% #....##...# #.# #
....#....#....###.## #
....y...(#(...##...# #
yW..#....(((..##...####
............)(u(...'...
########......##)..####


You could see 5 ugly things and 3 meliai.

Vanquished Creatures
  Rupert (D:14)
  Azrael (D:14)
  A fire dragon (D:14)
  A vault guard (D:14)
  2 hydras
  7 centaur warriors
  A death knight (D:12)
  A tengu warrior (D:14)
  6 two-headed ogres
  A skeletal warrior (D:12)
  3 unseen horrors
  Pikel (D:4)
  A flayed ghost (D:10)
  A phantasmal warrior (D:12)
  An orc knight (D:10)
  An orc sorcerer (D:10)
  2 wolf spider zombies (D:15)
  2 ugly things
  A deep elf mage (D:13)
  2 cyclopes
  3 manticores
  2 centaur zombies
  Psyche (D:8)
  A water nymph (shapeshifter) (D:14)
  2 kobold demonologists (D:14)
  A yaktaur (D:14)
  2 tengu conjurers (D:11)
  2 hornets
  10 trolls
  6 meliai (D:15)
  5 hippogriffs
  11 slime creatures
  2 vampires (D:14)
  A spriggan (shapeshifter) (D:14)
  4 wraiths
  3 wyverns
  19 yaks
  A tarantella (shapeshifter) (D:14)
  Menkaure (D:7)
  2 hungry ghosts
  2 fire elementals (D:14)
  3 vampire mosquitoes
  An acid dragon (D:12)
  Duvessa (D:5)
  3 hell hounds (D:14)
  A porcupine (D:9)
  4 sky beasts
  4 black bears
  4 phantoms
  8 orc warriors
  5 ice beasts
  2 ogres
  A necrophage (D:13)
  An eye of draining (shapeshifter) (D:13)
  9 centaurs
  A crocodile (D:14)
  12 bullfrogs
  Dowan (D:5)
  4 scorpions
  A water moccasin skeleton (D:8)
  8 wights
  A howler monkey (D:13)
  2 jellies
  6 crimson imps
  A quasit (D:7)
  2 bullfrog zombies
  5 orc priests
  4 bullfrog skeletons
  6 centaur skeletons
  7 hounds
  6 iguanas
  14 orc wizards
  14 worker ants
  A hound zombie (D:7)
  A hound skeleton (D:11)
  A howler monkey skeleton (D:11)
  A worker ant zombie (D:6)
  10 gnolls
  17 adders
  2 shadow imps
  An adder skeleton (D:8)
  3 adder zombies
  2 worms (D:3)
  3 dart slugs
  6 leopard geckos
  44 orcs
  3 bats
  7 giant cockroaches
  9 goblins
  10 hobgoblins
  13 jackals
  6 quokkas
  3 frilled lizards
  2 giant cockroach zombies (D:5)
  A jackal skeleton (D:6)
  12 kobolds
  A leopard gecko skeleton (D:5)
  2 quokka skeletons
  8 rats
429 creatures vanquished.

Vanquished Creatures (others)
  An unseen horror (D:10)
  A gargoyle (D:15)
2 creatures vanquished.

Grand Total: 431 creatures vanquished

Notes
Turn   | Place    | Note
-------+----------+-------------------------------------------
     0 | D:1      | Flugkiller the Vine Stalker Assassin began the quest for
                  | the Orb.
     0 | D:1      | Reached XP level 1. HP: 11/11 MP: 2/2
   270 | D:1      | Found a shattered altar of Ashenzari.
   317 | D:1      | Reached XP level 2. HP: 15/15 MP: 3/3
  1274 | D:1      | Reached XP level 3. HP: 14/19 MP: 4/4
  1859 | D:2      | Gained mutation: Your natural rate of healing is unusually
                  | fast. [Vine Stalker growth]
  1859 | D:2      | Reached XP level 4. HP: 18/23 MP: 3/5
  2426 | D:3      | Reached XP level 5. HP: 28/28 MP: 6/6
  2630 | D:3      | Found a hide-covered altar of Uskayaw.
  2671 | D:3      | Became a worshipper of Uskayaw the Reveler
  2692 | D:3      | Reached * piety under Uskayaw
  2786 | D:3      | Found a hazy altar of Hepliaklqana.
  2856 | D:3      | Noticed a hungry ghost
  2857 | D:3      | Noticed a hungry ghost
  2863 | D:3      | Found a transporter.
  2871 | D:3      | Found a transporter.
  2917 | D:3      | Reached ** piety under Uskayaw
  3021 | D:3      | Reached skill level 1 in Invocations
  3153 | D:3      | Found an iron altar of Okawaru.
  3204 | D:3      | Reached XP level 6. HP: 33/33 MP: 7/7
  3287 | D:3      | Reached *** piety under Uskayaw
  3564 | D:4      | Found a stormy altar of Qazlal.
  3650 | D:4      | Noticed a slave
  3654 | D:4      | Noticed Pikel
  3681 | D:4      | Noticed a slave
  3685 | D:4      | Noticed a slave
  3688 | D:4      | Noticed a slave
  3814 | D:4      | Killed Pikel
  3814 | D:4      | Reached skill level 5 in Fighting
  3814 | D:4      | Reached skill level 5 in Short Blades
  3814 | D:4      | Reached skill level 3 in Invocations
  3814 | D:4      | Reached XP level 7. HP: 26/39 MP: 8/10
  3858 | D:4      | Gained mutation: You have razor-sharp teeth. [Vine Stalker
                  | growth]
  3858 | D:4      | Reached XP level 8. HP: 37/43 MP: 9/11
  3913 | D:4      | You fall through a shaft for 3 floors!
  3913 | D:7      | Found an opulent altar of Gozag.
  3920 | D:7      | Noticed Menkaure
  3937 | D:7      | Killed Menkaure
  3937 | D:7      | Reached skill level 4 in Invocations
  4434 | D:7      | Noticed a hippogriff
  4453 | D:7      | Reached skill level 1 in Shields
  4459 | D:7      | Reached **** piety under Uskayaw
  4464 | D:7      | Reached ***** piety under Uskayaw
  4471 | D:7      | Killed a hippogriff
  4471 | D:7      | Reached skill level 1 in Armour
  4471 | D:7      | Reached skill level 5 in Invocations
  4535 | D:7      | Got a pitted whip
  4590 | D:7      | Reached XP level 9. HP: 45/48 MP: 13/13
  4815 | D:7      | Identified the +4 whip "Kyamnump" {flame, rC++} (You found
                  | it on level 7 of the Dungeon)
  5750 | D:6      | Found an ornate altar of the Wu Jian Council.
  5888 | D:5      | Entered Level 5 of the Dungeon
  6203 | D:5      | Found a staircase to the Ecumenical Temple.
  6401 | D:5      | Found a basalt altar of Yredelemnul.
  6667 | D:4      | Found Beniereg's Antique Armour Shop.
  6667 | D:4      | Noticed Duvessa
  6667 | D:4      | Noticed Dowan
  6680 | D:5      | Killed Duvessa
  6680 | D:5      | Reached skill level 6 in Invocations
  6689 | D:5      | Killed Dowan
  6875 | D:4      | Found a white marble altar of Elyvilon.
  7149 | D:8      | Found an ancient bone altar of Kikubaaqudgha.
  7149 | D:8      | Noticed Psyche
  7180 | D:8      | Killed Psyche
  7180 | D:8      | Reached XP level 10. HP: 52/55 MP: 13/15
  7275 | D:8      | Reached ****** piety under Uskayaw
  7469 | D:8      | Found a shattered altar of Ashenzari.
  8063 | D:9      | Reached skill level 1 in Dodging
  8248 | D:9      | Reached skill level 7 in Invocations
  8341 | D:9      | Found a glowing golden altar of the Shining One.
  8344 | D:9      | Found a blossoming altar of Fedhas.
  8347 | D:9      | Found a sacrificial altar of Ru.
  8420 | D:9      | Found Juteack's Antique Armour Shoppe.
  8484 | D:9      | Bought a slimy helmet for 256 gold pieces
  8537 | D:9      | Identified the cursed +0 helmet of Xom's Wrath {+Blink rC+}
                  | (You bought it in a shop on level 9 of the Dungeon)
  8608 | D:9      | Found a staircase to the Lair.
  8688 | D:9      | Reached XP level 11. HP: 58/58 MP: 17/17
  8883 | D:10     | Entered Level 10 of the Dungeon
  9147 | D:10     | Reached skill level 5 in Armour
  9187 | D:10     | Noticed an orc sorcerer
  9187 | D:10     | Noticed an orc knight
  9389 | D:10     | Killed an unseen horror
  9499 | D:10     | Reached skill level 8 in Invocations
  9501 | D:10     | Got a faintly glowing broad axe
  9526 | D:10     | Noticed a two-headed ogre
  9528 | D:10     | Noticed a centaur warrior
  9594 | D:9      | Identified the +10 broad axe of Kair Ziac {drain, rF+ Str+2
                  | Dex+5} (You found it on level 10 of the Dungeon)
  9634 | D:10     | Noticed a flayed ghost
  9747 | D:10     | Killed a flayed ghost
  9747 | D:10     | Reached skill level 1 in Axes
  9756 | D:10     | Identified the cursed +1 trident of Suicidal Tendencies
                  | {freeze, rElec Str+5}
  9886 | D:9      | Killed a two-headed ogre
  9896 | D:10     | Found a staircase to the Orcish Mines.
  9919 | D:10     | Noticed a soul eater
  9919 | D:10     | Killed a centaur warrior
  9922 | D:10     | Killed an orc sorcerer
  9922 | D:10     | Killed an orc knight
 10064 | D:10     | Noticed a two-headed ogre
 10066 | D:10     | Killed a two-headed ogre
 10145 | D:10     | Identified the Papyrus of Salt
 10199 | D:10     | Killed an unseen horror
 10199 | D:10     | Gained mutation: You heal very quickly. [Vine Stalker
                  | growth]
 10199 | D:10     | Reached XP level 12. HP: 59/64 MP: 14/19
 10468 | D:10     | Reached skill level 9 in Invocations
 10592 | D:10     | Noticed a centaur warrior
 11009 | D:11     | Reached skill level 5 in Dodging
 11320 | D:12     | Noticed a death knight
 11329 | D:12     | Killed a death knight
 12032 | D:12     | Noticed a two-headed ogre
 12040 | D:12     | Killed a two-headed ogre
 12300 | D:13     | Found Qumunax's Assorted Antiques.
 12312 | D:13     | Found a transporter.
 12470 | D:13     | Noticed Xeymp's ghost (journeyman SpEn)
 12529 | D:13     | Reached XP level 13. HP: 57/70 MP: 17/21
 12534 | D:13     | Got a shimmering ring mail
 12571 | D:13     | Identified the +5 ring mail of the Ten Allies {rF+ Str+3
                  | Dex-5 Stlth+} (You found it on level 13 of the Dungeon)
 12869 | D:13     | Reached skill level 10 in Invocations
 12936 | D:13     | Found a transporter.
 12973 | D:13     | Reached skill level 5 in Shields
 13255 | D:14     | Identified Roxanne's Compendium of the Rocks
 13255 | D:14     | Noticed Roxanne
 13668 | D:14     | Noticed Rupert
 13806 | D:14     | Reached skill level 10 in Short Blades
 14020 | D:14     | Killed Rupert
 14064 | D:14     | Noticed a fire dragon
 14075 | D:14     | Noticed a vault guard
 14095 | D:14     | Killed a vault guard
 14099 | D:14     | Noticed Azrael
 14106 | D:14     | Killed Azrael
 14195 | D:14     | Reached skill level 10 in Fighting
 14579 | D:14     | Killed a fire dragon
 14579 | D:14     | Reached XP level 14. HP: 71/77 MP: 23/23
 14620 | D:14     | Found a gate to the Vaults.
 14669 | D:15     | Entered Level 15 of the Dungeon
 14772 | D:15     | Reached skill level 11 in Invocations
 14965 | D:15     | Found Wanesos's General Store.
 14972 | D:15     | Bought a potion of haste for 140 gold pieces
 15096 | D:15     | Found a staircase to the Depths.
 15096 | D:15     | Noticed a dire elephant
 15410 | D:15     | Slain by a meliai

Skill      XL: |  1  2  3  4  5  6  7  8  9 10 11 12 13 14 |
---------------+-------------------------------------------+-----
Fighting       | 2 3 5 6 7 8 9 10 | 10.4
Short Blades   | 2 3 5 6 7 8 9 10 | 10.0
Invocations    | 1 3 5 6 7 8 9 10 11 | 11.2
Shields        | 1 3 4 6 7 |  7.0
Armour         | 1 3 4 5 7 8 |  8.5
Dodging        | 2 4 5 6 7 |  7.2
Axes           | 3 4 |  4.4
Throwing       | |  1.7
Stealth        | |  4.8

Action                   |  1- 3 |  4- 6 |  7- 9 | 10-12 | 13-15 || total
-------------------------+-------+-------+-------+-------+-------++-------
Melee: Dagger            |   109 |   252 |   378 |   727 |   477 ||  1943
       Bite              |    22 |    70 |   137 |   272 |   194 ||   695
       Rapier            |       |       |    93 |       |       ||    93
Invok: Stomp             |       |       |     4 |       |     2 ||     6
       Line Pass         |       |       |       |     3 |     2 ||     5
       Grand Finale      |       |       |       |       |     1 ||     1
Evoke: Wand              |       |       |     2 |     1 |       ||     3
  Use: Scroll            |       |    10 |     2 |    10 |     1 ||    23
       Potion            |       |     3 |     1 |       |     1 ||     5
 Stab: Sleeping          |     6 |     3 |       |     9 |     9 ||    27
       Distracted        |       |     1 |       |       |       ||     1
       Paralysed         |       |     2 |    14 |    39 |    31 ||    86
       Confused          |       |       |       |     6 |     8 ||    14
       Petrifying        |       |       |       |     1 |     1 ||     2
  Eat: Chunk             |     3 |     6 |    12 |    23 |     4 ||    48
       Ration            |       |       |       |       |     2 ||     2
Armor: Robe              |    18 |    18 |       |       |       ||    36
       Chain mail        |       |    89 |   250 |    78 |       ||   417
       Troll leather arm |       |       |       |    93 |       ||    93
       Ring mail         |       |       |       |       |   150 ||   150
Dodge: Dodged            |    49 |    93 |    69 |   223 |   201 ||   635
Block: Shield            |       |       |   123 |       |    75 ||   198
       Buckler           |       |       |    18 |   127 |    66 ||   211
